 Dungeon Crawl Stone Soup version 0.30-a0-956-gcec3b41aec (webtiles) character file.

Game seed: 14824192474696971948

1761 howech the Twirler (level 8, -4/68 HPs)
             Began as a Minotaur Gladiator on Mar 29, 2023.
             Slain by a hornet (7 damage)
             ... on level 7 of the Dungeon.
             The game lasted 00:15:00 (6627 turns).

howech the Twirler (Minotaur Gladiator)             Turns: 6627, Time: 00:15:00

Health: -4/68      AC:  3    Str: 19    XL:     8   Next: 79%
Magic:  11/11      EV: 13    Int:  7    God:
Gold:   1178       SH:  0    Dex: 12    Spells: 12/12 levels left

rFire   . . .      SeeInvis .    a - +0 quarterstaff (heavy)
rCold   . . .      Faith    .    (shield currently unavailable)
rNeg    . . .      Spirit   .    b - +0 leather armour
rPois   .          Reflect  .    c - +0 hat
rElec   .          Rampage  .    (no cloak)
rCorr   .                        (no gloves)
Will    .....                    (no boots)
Stlth   +                        q - amulet of the acrobat
HPRegen 0.31/turn                g - ring of wizardry
MPRegen 0.12/turn                (no ring)

@: lethally poisoned (-4 -> -7), slowed, very slow
A: horns 2, retaliatory headbutt
a: no special abilities


You were on level 7 of the Dungeon.
You visited 1 branch of the dungeon, and saw 7 of its levels.

You collected 1178 gold pieces.

Inventory:

Hand Weapons
 a - a +0 heavy quarterstaff (weapon)
Missiles
 e - a javelin (quivered)
Armour
 b - a +0 leather armour (worn)
 c - a +0 hat (worn)
 u - a +2 buckler
Jewellery
 g - a ring of wizardry (left hand)
 m - a +4 ring of slaying
 q - an amulet of the acrobat (around neck)
Wands
 f - a wand of flame (15)
 x - a wand of iceblast (9)
Scrolls
 l - a scroll of immolation {unknown}
 n - a scroll of identify
 v - a scroll of blinking
Potions
 h - a potion of haste
 i - a potion of attraction
 j - 6 potions of curing
 o - 2 potions of berserk rage
 p - 2 potions of flight {unknown}
 r - 2 potions of resistance
 s - a potion of heal wounds {unknown}
 t - 2 potions of magic {unknown}
 w - a potion of brilliance {unknown}
 z - a potion of lignification {unknown}
Miscellaneous
 k - a piece from Xom's chessboard (15/15)


   Skills:
 - Level 5.0 Fighting
 + Level 6.9 Staves
 - Level 5.0 Throwing
 - Level 5.0 Armour
 - Level 5.0 Dodging
 + Level 2.7 Spellcasting
 + Level 3.8 Evocations


You had 12 spell levels left.
You didn't know any spells.
Your spell library contained the following spells:

 Spells                   Type           Power      Damage    Failure   Level
 Slow                     Hex            0%         N/A       16%         1
 Confusing Touch          Hex            0%         N/A       43%         3
 Vampiric Draining        Necr           0%         2d6       43%         3


Dungeon Overview and Level Annotations

Branches:
Dungeon (7/15)
 Temple: D:4-7

Altars:
Xom

Shops:
D:6 (


Innate Abilities, Weirdness & Mutations

You have a pair of horns on your head.
You reflexively headbutt those who attack you in melee.


Message History

Throw: 2 throwing nets
Press: ? - help, Q - select action, (/) - cycle Shift-Dir - straight line, f - hornet
Aim: a hornet (48% to hit)
You throw a throwing net. The throwing net hits the hornet.
The hornet is caught in the net!
The hornet struggles against the net.
You sock the hornet! Your headbutt misses the hornet.
The hornet is moderately wounded.
The hornet struggles against the net. x2
You sock the hornet!
The hornet is heavily wounded.
The hornet struggles against the net.
The net rips apart, and the hornet comes free!
The hornet stings you!
You feel yourself slow down.
You hit the hornet. You headbutt the hornet.
The hornet is severely wounded.
You feel yourself speed up. The hornet stings you.
You feel yourself slow down. The hornet stings you!
You feel as though you will be slow longer.
The hornet stings you!
You are poisoned.
You suddenly lose the ability to move!
You feel very sick. The hornet stings you!
* * * LOW HITPOINT WARNING * * *
You feel as though you will be slow longer.
You can move again.
Throw: throwing net
Press: ? - help, Q - select action, (/) - cycle Shift-Dir - straight line, f/p - hornet
Aim: a hornet (severely wounded, 48% to hit)
You throw a throwing net. The throwing net misses the hornet.
You feel sick. The hornet misses you. The hornet stings you.
* * * LOW HITPOINT WARNING * * *
You feel as though you will be slow longer.
You miss the hornet.
The hornet is severely wounded.
* * * LOW HITPOINT WARNING * * *
You feel very sick. The hornet closely misses you. The hornet stings you!
You die...

.................#
......##.........### ###
.....####..).......##...
.....## ###.............
..#...# #...#.......#
.#....## ##..#......##
#....#.## ####.....##
###.##..# #..#....#
##..#.# ##.#@.#.# ##.###
##.y.#.# ### ##..# #
#..# #..# #(#. ##.. .##


You could see a hornet.

Vanquished Creatures
  A water moccasin (D:7)
  2 ice beasts
  A sky beast (D:7)
  A black bear (D:5)
  3 ogres
  A centaur (D:7)
  A bullfrog (D:6)
  3 scorpions (D:5)
  2 gnoll boudas
  An orc priest (D:3)
  3 hounds
  2 jellies
  2 sleepcaps
  Ijyb (D:5)
  Terence (D:2)
  3 iguanas
  An orc wizard (D:5)
  11 gnolls
  7 adders
  A white imp (D:6)
  2 worms (D:2)
  A dart slug (D:5)
  15 orcs
  3 ball pythons
  8 endoplasms
  4 giant cockroaches
  9 goblins
  7 hobgoblins
  7 kobolds
  5 quokkas
  5 bats
  3 frilled lizards
  6 rats
123 creatures vanquished.

Vanquished Creatures (others)
  11 plants (D:2)
11 creatures vanquished.

Grand Total: 134 creatures vanquished

Notes
Turn   | Place    | Note
-------+----------+-------------------------------------------
     0 | D:1      | howech the Minotaur Gladiator began the quest for the Orb.
     0 | D:1      | Reached XP level 1. HP: 18/18 MP: 0/0
   355 | D:1      | Reached XP level 2. HP: 25/25 MP: 1/1
   616 | D:1      | Reached skill level 1 in Armour
   833 | D:2      | Reached skill level 4 in Staves
   839 | D:2      | Reached XP level 3. HP: 22/30 MP: 2/2
  1099 | D:2      | Found a faded altar of an unknown god.
  1108 | D:2      | Noticed Terence
  1115 | D:2      | Killed Terence
  1260 | D:2      | Reached XP level 4. HP: 35/38 MP: 3/3
  1871 | D:3      | Found a shimmering altar of Xom.
  2025 | D:3      | Reached XP level 5. HP: 39/45 MP: 4/4
  2654 | D:4      | Noticed an ice beast
  2663 | D:4      | Killed an ice beast
  2783 | D:4      | Reached XP level 6. HP: 44/52 MP: 5/5
  3126 | D:4      | Reached skill level 1 in Evocations
  3354 | D:4      | Identified a scroll of acquirement
  3354 | D:4      | Acquired 806 gold pieces
  3400 | D:5      | Entered Level 5 of the Dungeon
  3551 | D:5      | Reached skill level 5 in Staves
  3577 | D:5      | Reached skill level 1 in Spellcasting
  3584 | D:5      | Noticed Ijyb
  3589 | D:5      | Killed Ijyb
  3682 | D:5      | Reached XP level 7. HP: 60/60 MP: 7/7
  3866 | D:5      | Reached skill level 5 in Dodging
  4340 | D:5      | Reached skill level 5 in Fighting
  4686 | D:6      | Reached XP level 8. HP: 68/68 MP: 9/9
  4772 | D:6      | Found Poucoa's Weapon Emporium.
  5063 | D:6      | Reached skill level 6 in Staves
  5965 | D:7      | Reached skill level 5 in Armour
  6247 | D:7      | Reached skill level 5 in Throwing
  6618 | D:7      | Noticed a hornet
  6624 | D:7      | Paralysed by a hornet for 3 turns
  6627 | D:7      | HP: 3/68 [poisoned by a hornet]
  6627 | D:7      | Slain by a hornet

Illustrated notes

Levels and vault maps discovered:
D:1:      giann_wishing_wells, layout_basic
D:2:      layout_loops_corners, shapermc_ecumenical_altar_venn, serial_bayou,
          serial_bayou_pond_c, serial_bayou_lagoon_a, serial_bayou_ford_a,
          serial_bayou_pond_b, minmay_stone_trees_small, minmay_pentomino_v4,
          uniq_terence
D:3:      layout_basic, xom_butterflies
D:4:      layout_basic, hangedman_decor_lopped
D:5:      layout_loops_ring, uniq_ijyb
D:6:      layout_layer_cave, serial_shops, shop
D:7:      layout_layer_cave, minmay_temple_entry_glass,
          kennysheep_cluttered_room, chequers_serial_rivers_micro_e

Skill      XL: |  1  2  3  4  5  6  7  8 |
---------------+-------------------------+-----
Armour         | 1 2 3 4 5 |  5.0
Staves         | 4 5 6 |  6.9
Fighting       | 3 4 5 |  5.0
Dodging        | 4 5 |  5.0
Throwing       | 3 4 5 |  5.0
Evocations     | 1 2 3 |  3.8
Spellcasting   | 1 2 |  2.7

Action                     |  1- 3 |  4- 6 |  7- 9 || total
---------------------------+-------+-------+-------++-------
  Melee: Quarterstaff      |    68 |   120 |    98 ||   286
         Headbutt          |     6 |    17 |    12 ||    35
  Throw: Throwing net      |     2 |     1 |     6 ||     9
    Use: Scroll            |     1 |     9 |     3 ||    13
 Armour: Leather armour    |    13 |    25 |     8 ||    46
  Dodge: Dodged            |    42 |    64 |    62 ||   168

Table legend: (Time is in decaauts)
 A = Elapsed time spent in this place.
 B = Non-inter-level travel time spent in this place.
 C = Inter-level travel time spent in this place.
 D = Time resting spent in this place.
 E = Time spent auto-exploring this place.
 F = Levels seen in this place.
 G = Mean time per level.
                   A        B        C        D        E       F      G
               +--------+--------+--------+--------+--------+-----+--------+
         Total |   6722 |   6577 |    145 |    993 |   4529 |   7 |  960.3 |
       Dungeon |   6722 |   6577 |    145 |    993 |   4529 |   7 |  960.3 |
               +--------+--------+--------+--------+--------+-----+--------+

Top non-repeatable levels by time:
     D:6: 1674 daAuts
     D:5: 1252 daAuts
     D:2: 1028 daAuts
     D:4: 903 daAuts
     D:3: 768 daAuts
     D:1: 739 daAuts
     D:7: 355 daAuts
